 Dungeon Crawl Stone Soup version 0.28-a0-1510-gd0f6b136d3 (webtiles) character file.

Game seed: 4398559826182870290

175 mdonais the Chucker (level 5, -4/41 HPs)
             Began as a Gnoll Wanderer on Jan 15, 2022.
             Killed by nerve-wracking pain
             ... invoked by an orc priest
              (7 damage)
             ... on level 3 of the Dungeon.
             The game lasted 00:08:56 (3186 turns).

mdonais the Chucker (Gnoll Wanderer)                Turns: 3186, Time: 00:08:56

Health: -4/41      AC:  4    Str: 14    XL:     5   Next: 55%
Magic:  7/7        EV: 15    Int: 11    God:
Gold:   134        SH:  0    Dex: 11    Spells: 6/7 levels left

rFire   . . .      SeeInvis .   a - +2 falchion
rCold   . . .      Faith    .   (no shield)
rNeg    . . .      Spirit   .   f - +0 leather armour
rPois   .          Reflect  .   (no helmet)
rElec   .          Harm     .   (no cloak)
rCorr   .          Rampage  .   j - +0 pair of gloves
Will    .....                   (no boots)
Stlth   +.........              (no amulet)
HPRegen 0.13/turn               s - +4 ring of evasion
MPRegen 0.10/turn               (no ring)

@: no status effects
A: fangs 1, strong nose, distributed training
a: no special abilities


You were on level 3 of the Dungeon.
You visited 1 branch of the dungeon, and saw 3 of its levels.

You collected 134 gold pieces.

Inventory:

Hand Weapons
 a - a +2 falchion (weapon)
 b - a +0 shortbow
 e - a +0 dagger
Missiles
 c - 74 arrows
 h - 53 stones
 m - 14 sling bullets
 t - 12 boomerangs (quivered)
 u - 8 poisoned darts
Armour
 f - a +0 leather armour (worn)
 j - a +0 pair of gloves (worn)
   (You found it on level 1 of the Dungeon)
Jewellery
 s - a +4 ring of evasion (left hand)
   (You found it on level 3 of the Dungeon)
Wands
 P - a wand of paralysis (2)
   (You took it off Ijyb on level 3 of the Dungeon)
Scrolls
 d - 3 scrolls of fog
 g - a scroll of amnesia {unknown}
 i - a scroll of vulnerability {unknown}
 k - a scroll of blinking {unknown}
 l - a scroll of brand weapon {unknown}
 o - a scroll of holy word {unknown}
 R - a scroll of identify
Potions
 n - a potion of brilliance


   Skills:
 + Level 3.0 Fighting
 + Level 1.5 Short Blades
 + Level 6.7 Long Blades
 + Level 1.5 Axes
 + Level 1.5 Maces & Flails
 + Level 1.5 Polearms
 + Level 1.5 Staves
 + Level 1.5 Slings
 + Level 3.0 Bows
 + Level 1.5 Crossbows
 + Level 6.7 Throwing
 + Level 3.0 Armour
 + Level 1.5 Dodging
 + Level 1.5 Stealth
 + Level 1.5 Shields
 + Level 1.5 Unarmed Combat
 + Level 1.5 Spellcasting
 + Level 1.2 Conjurations
 + Level 1.2 Hexes
 + Level 1.2 Summonings
 + Level 1.2 Necromancy
 + Level 1.2 Translocations
 + Level 1.2 Transmutations
 + Level 1.2 Fire Magic
 + Level 1.2 Ice Magic
 + Level 1.2 Air Magic
 + Level 1.2 Earth Magic
 + Level 1.2 Poison Magic
 + Level 1.7 Invocations
 + Level 3.0 Evocations


You had 6 spell levels left.
You knew the following spells:

 Your Spells              Type           Power      Damage    Failure   Level
a - Pain                  Necr           12%        1d4       22%         1

Your spell library contained the following spells:

 Spells                   Type           Power      Damage    Failure   Level
 Gell's Gravitas          Tloc           3%         N/A       56%         3
 Lesser Beckoning         Tloc           3%         N/A       56%         3
 Teleport Other           Tloc           3%         N/A       56%         3
 Agony                    Necr           3%         N/A       99%         5
 Excruciating Wounds      Necr           1%         N/A       99%         5


Dungeon Overview and Level Annotations

Branches:
Dungeon (3/15)

Altars:
Makhleb
Zin

Annotations:
D:3 2 runed translucent doors, Natasha; oldriver's ghost, amateur TrCK


Innate Abilities, Weirdness & Mutations

You have very sharp teeth.
Your uncanny sense of smell can sniff out nearby items.
Your experience applies equally to all skills.


Message History

Ijyb zaps a wand.
You resist with some effort.
Ijyb zaps a wand.
You resist with some effort. Ijyb hits you with a +0 dagger.
You can move again.
You take 5 damage, and have 35/40 hp.
You hit Ijyb but do no damage.
Ijyb is almost dead.
Ijyb misses you.
You closely miss Ijyb.
Ijyb is almost dead.
Ijyb misses you.
You barely miss Ijyb.
Ijyb is almost dead.
Ijyb barely misses you.
You hit Ijyb.
Ijyb is almost dead.
Ijyb hits you but does no damage.
You closely miss Ijyb.
Ijyb is almost dead.
You closely miss Ijyb.
Ijyb is almost dead.
You flicker for a moment.
Ijyb misses you.
You hit Ijyb but do no damage. You bite Ijyb, but do no damage.
Ijyb is almost dead.
Ijyb barely misses you.
You strike the helpless Ijyb from behind!
You hit Ijyb but do no damage. You bite Ijyb.
Ijyb is almost dead.
Ijyb completely misses you.
You hit Ijyb.
You kill Ijyb!
Your Fighting skill increases to level 3!
Your Bows skill increases to level 3!
Your Armour skill increases to level 3!
Your Evocations skill increases to level 3!
P - a wand of paralysis (2)
Things that are here:
a +0 dagger; a +0 leather armour; the goblin corpse of Ijyb You flicker back into view.
Okay, then.
You open the door.
Found a glowing silver altar of Zin and a burning altar of Makhleb.
You regained 2 hp, and now have 40/41 hp.
There is an open door here.
Unknown command.
There is an open door here.
A bat comes into view.
Health restored: 41 You see here 3 scrolls of fog.
You miss the bat. The bat hits you but does no damage.
You miss the bat. The bat misses you. The bat hits you but does no damage.
You closely miss the bat. The bat hits you but does no damage.
The bat hits you but does no damage.
You see here 3 scrolls of fog.
You slash the bat!
You kill the bat!
d - 3 scrolls of fog An orc priest is nearby!
The orc priest shouts!
You completely miss the orc priest.
The orc priest invokes the aid of Beogh against you.
Beogh smites you!
You take 17 damage, and have 24/41 hp.
MASSIVE DAMAGE!!
You barely miss the orc priest.
You bite the orc priest, but do no damage.
The orc priest misses you.
You closely miss the orc priest. Your bite misses the orc priest.
The orc priest closely misses you.
You hit the orc priest.
You bite the orc priest, but do no damage.
The orc priest is moderately wounded.
The orc priest hits you with a +0 club.
You take 2 damage, and have 22/41 hp.
You hit the orc priest but do no damage.
You bite the orc priest.
The orc priest is moderately wounded.
The orc priest barely misses you.
You barely miss the orc priest.
The orc priest is moderately wounded.
The orc priest barely misses you.
You completely miss the orc priest.
The orc priest is moderately wounded.
The orc priest mumbles some strange prayers to Beogh against you.
Pain shoots through your body!
You take 3 damage, and have 20/41 hp.
You are too injured to fight recklessly!
You are too injured to fight recklessly!
You are too injured to fight recklessly!
You are too injured to fight recklessly!
You hit the orc priest.
The orc priest is severely wounded.
The orc priest closely misses you.
You closely miss the orc priest.
The orc priest is severely wounded.
The orc priest invokes the aid of Beogh against you.
Pain shoots through your body!
* * * LOW HITPOINT WARNING * * *
You take 8 damage, and have 12/41 hp.
You barely miss the orc priest.
The orc priest is severely wounded.
The orc priest looks braver for a moment.
You barely miss the orc priest.
You punch the orc priest, but do no damage.
Your bite misses the orc priest.
The orc priest is severely wounded.
The orc priest barely misses you.
You barely miss the orc priest.
The orc priest is severely wounded.
The orc priest closely misses you.
You closely miss the orc priest.
The orc priest is severely wounded.
The orc priest closely misses you.
You hit the orc priest but do no damage.
The orc priest is severely wounded.
The orc priest misses you.
You hit the orc priest but do no damage.
The orc priest is severely wounded.
The orc priest mumbles some strange prayers to Beogh against you.
Pain shoots through your body!
* * * LOW HITPOINT WARNING * * *
You take 10 damage, and have 3/41 hp.
MASSIVE DAMAGE!!
You closely miss the orc priest.
The orc priest is severely wounded.
The orc priest misses you.
Okay, then.
You hit the orc priest but do no damage.
The orc priest is severely wounded.
The orc priest completely misses you.
You barely miss the orc priest.
The orc priest is severely wounded.
The orc priest closely misses you.
You hit the orc priest.
The orc priest is almost dead.
The orc priest mumbles some strange prayers to Beogh against you.
Pain shoots through your body!
* * * LOW HITPOINT WARNING * * *
You take 1 damage, and have 2/41 hp.
You closely miss the orc priest.
The orc priest is almost dead.
You barely miss the orc priest.
The orc priest is almost dead.
The orc priest closely misses you.
You closely miss the orc priest.
The orc priest is almost dead.
The orc priest calls down the wrath of Beogh upon you.
Pain shoots through your body!
You die...

#................
..#.####.####.#..## ..
#.# #.#..# ##. #.#
##.#>.## #.. #.#
#....... .. #.# #..#####
#. ####.# #.......
####.#.###....###.......
......o@...........#####
####.#...........#.# #
#####.###.....# # #..#
##...#......# # #..#
#.....#.###.## # #..#
........# ##.#### #..#
.........####..... #..#
##...........#.##.. #..#
......#....[###..


You could see an orc priest.

Vanquished Creatures
  Ijyb (D:3)
  4 gnolls (D:2)
  2 adders
  4 dart slugs
  11 orcs
  10 ball pythons
  2 bats
  2 endoplasms
  6 giant cockroaches
  A goblin (D:1)
  3 hobgoblins
  5 jackals
  7 kobolds
  2 quokkas
  4 frilled lizards
  8 rats
72 creatures vanquished.

Vanquished Creatures (others)
  A demonic plant (D:2)
  A fungus (D:2)
2 creatures vanquished.

Grand Total: 74 creatures vanquished

Notes
Turn   | Place    | Note
-------+----------+-------------------------------------------
     0 | D:1      | mdonais the Gnoll Wanderer began the quest for the Orb.
     0 | D:1      | mdonais set off with the following items: a +2 falchion, a
                  | +0 shortbow, 26 arrows, a +0 dagger, a +0 leather armour, 6
                  | boomerangs
     0 | D:1      | Reached XP level 1. HP: 17/17 MP: 1/1
    71 | D:1      | Reached XP level 2. HP: 22/23 MP: 2/2
   398 | D:1      | Reached XP level 3. HP: 28/28 MP: 3/3
   630 | D:1      | Reached skill level 1 in Invocations
  1017 | D:2      | Reached skill level 1 in Short Blades
  1017 | D:2      | Reached skill level 1 in Axes
  1017 | D:2      | Reached skill level 1 in Maces & Flails
  1017 | D:2      | Reached skill level 1 in Polearms
  1017 | D:2      | Reached skill level 1 in Staves
  1017 | D:2      | Reached skill level 1 in Slings
  1017 | D:2      | Reached skill level 1 in Crossbows
  1017 | D:2      | Reached skill level 1 in Dodging
  1017 | D:2      | Reached skill level 1 in Stealth
  1017 | D:2      | Reached skill level 1 in Shields
  1017 | D:2      | Reached skill level 1 in Unarmed Combat
  1017 | D:2      | Reached skill level 1 in Spellcasting
  1133 | D:2      | Reached XP level 4. HP: 28/34 MP: 5/5
  1181 | D:2      | Found a faded altar of an unknown god.
  1513 | D:3      | Noticed Natasha
  1854 | D:3      | Reached skill level 1 in Conjurations
  1854 | D:3      | Reached skill level 1 in Hexes
  1854 | D:3      | Reached skill level 1 in Summonings
  1854 | D:3      | Reached skill level 1 in Necromancy
  1854 | D:3      | Reached skill level 1 in Translocations
  1854 | D:3      | Reached skill level 1 in Transmutations
  1854 | D:3      | Reached skill level 1 in Fire Magic
  1854 | D:3      | Reached skill level 1 in Ice Magic
  1854 | D:3      | Reached skill level 1 in Air Magic
  1854 | D:3      | Reached skill level 1 in Earth Magic
  1854 | D:3      | Reached skill level 1 in Poison Magic
  1889 | D:3      | Learned a level 1 spell: Pain
  2497 | D:2      | Reached XP level 5. HP: 9/40 MP: 5/7
  2905 | D:3      | Found a large runed translucent door.
  2906 | D:3      | Found a large runed translucent door.
  2916 | D:3      | Noticed oldriver's ghost (amateur TrCK)
  3037 | D:3      | Noticed Ijyb
  3051 | D:3      | Paralysed by Ijyb for 5 turns
  3060 | D:3      | Paralysed by Ijyb for 7 turns
  3074 | D:3      | Paralysed by Ijyb for 6 turns
  3089 | D:3      | Killed Ijyb
  3111 | D:3      | Found a glowing silver altar of Zin.
  3111 | D:3      | Found a burning altar of Makhleb.
  3112 | D:3      | Noticed an Executioner
  3112 | D:3      | Noticed an angel
  3183 | D:3      | HP: 2/41 [orc priest/nerve-wracking pain (1)]
  3186 | D:3      | Killed from afar by an orc priest

Illustrated notes

Levels and vault maps discovered:
D:1:      dpeg_arrival_lava_altar, layout_basic
D:2:      layout_rooms, shapermc_ecumenical_altar_gd
D:3:      layout_loops_ring, grunt_temple_overflow_order_and_chaos_2,
          ebering_ghost_disaster_area, uniq_natasha, uniq_ijyb

Skill      XL: |  1  2  3  4  5 |
---------------+----------------+-----
Invocations    | 1 |  1.7
Short Blades   | 1 |  1.5
Axes           | 1 |  1.5
Maces & Flails | 1 |  1.5
Polearms       | 1 |  1.5
Staves         | 1 |  1.5
Slings         | 1 |  1.5
Crossbows      | 1 |  1.5
Dodging        | 1 |  1.5
Stealth        | 1 |  1.5
Shields        | 1 |  1.5
Unarmed Combat | 1 |  1.5
Spellcasting   | 1 |  1.5
Conjurations   | 1 |  1.2
Hexes          | 1 |  1.2
Summonings     | 1 |  1.2
Necromancy     | 1 |  1.2
Translocations | 1 |  1.2
Transmutations | 1 |  1.2
Fire Magic     | 1 |  1.2
Ice Magic      | 1 |  1.2
Air Magic      | 1 |  1.2
Earth Magic    | 1 |  1.2
Poison Magic   | 1 |  1.2
Fighting       | 3 |  3.0
Bows           | 3 |  3.0
Armour         | 3 |  3.0
Evocations     | 3 |  3.0
Long Blades    | |  6.7
Throwing       | |  6.7

Action                   |  1- 3 |  4- 6 || total
-------------------------+-------+-------++-------
Melee: Falchion          |   113 |   159 ||   272
       Bite              |     5 |    12 ||    17
       Punch             |     1 |     2 ||     3
Throw: Boomerang         |     1 |     4 ||     5
 Cast: Pain              |       |     6 ||     6
  Use: Potion            |       |     4 ||     4
       Scroll            |       |     2 ||     2
 Stab: Sleeping          |     1 |     2 ||     3
       Invisible         |       |     4 ||     4
Armor: Leather armour    |    27 |    22 ||    49
Dodge: Dodged            |    72 |    95 ||   167

Table legend: (Time is in decaauts)
 A = Elapsed time spent in this place.
 B = Non-inter-level travel time spent in this place.
 C = Inter-level travel time spent in this place.
 D = Time resting spent in this place.
 E = Time spent auto-exploring this place.
 F = Levels seen in this place.
 G = Mean time per level.
                   A        B        C        D        E       F      G
               +--------+--------+--------+--------+--------+-----+--------+
         Total |   3182 |   3085 |     97 |   1137 |   1072 |   3 | 1060.7 |
       Dungeon |   3182 |   3085 |     97 |   1137 |   1072 |   3 | 1060.7 |
               +--------+--------+--------+--------+--------+-----+--------+

Top non-repeatable levels by time:
     D:2: 1605 daAuts
     D:1: 988 daAuts
     D:3: 589 daAuts
